 Dungeon Crawl Stone Soup version 0.31-a0-177-g4aa6249778 (webtiles) character file.

Game seed: 6161562075666133382

135 Maxmaps the Shooter (level 5, 0/38 HPs)
             Began as a Formicid Hunter on June 18, 2023.
             Slain by a gnoll
             ... wielding a +1 halberd of holy wrath
             ... led by a gnoll sergeant
              (14 damage)
             ... on level 4 of the Dungeon.
             The game lasted 00:01:36 (2886 turns).

Maxmaps the Shooter (Formicid Hunter)               Turns: 2886, Time: 00:01:37

Health: 0/38       AC:  4    Str: 15    XL:     5   Next: 42%
Magic:  5/5        EV: 12    Int:  9    God:
Gold:   157        SH:  0    Dex: 19    Spells: 4/4 levels left

rFire   . . .        a - +0 shortbow
rCold   . . .        (no shield)
rNeg    . . .        c - +0 leather armour
rPois   .            (helmet unavailable)
rElec   .            (no cloak)
rCorr   .            d - +0 pair of gloves
SInv    +            (no boots)
Will    .....        (no amulet)
Stlth   ++           (no ring)
HPRegen 0.26/turn    (no ring)
MPRegen 0.09/turn

%: no passive effects
@: no status effects
A: permanent stasis, dig shafts and tunnels, antennae 3, four strong arms
a: Dig, Shaft Self


You were on level 4 of the Dungeon.
You visited 1 branch of the dungeon, and saw 4 of its levels.

You collected 179 gold pieces.
You spent 22 gold pieces at shops.

Inventory:

Hand Weapons
 a - a +0 shortbow (weapon)
 m - a +1 trident of venom
Missiles
 i - a throwing net
Armour
 c - a +0 leather armour (worn)
 d - a +0 pair of gloves (worn)
Jewellery
 o - an amulet of magic regeneration
Wands
 n - a wand of digging (2)
Scrolls
 b - a scroll of butterflies
 f - a scroll of poison {unknown}
 g - 3 scrolls of teleportation {unknown}
 j - a scroll of revelation {unknown}
 k - a scroll of noise {unknown}
 l - a scroll of fear {unknown}
 p - a scroll of immolation {unknown}
Potions
 e - a potion of invisibility
 h - 2 potions of curing


   Skills:
 - Level 2.1 Fighting
 + Level 6.3 Ranged Weapons
 - Level 1.7 Dodging
 - Level 1.2 Stealth


You had 4 spell levels left.
You didn't know any spells.
Your spell library contained the following spells:

 Spells                   Type           Power      Damage    Failure   Level
 Ozocubu's Armour         Ice            0%         N/A       83%         3
 Metabolic Englaciation   Hex/Ice        0%         N/A       100%        5
 Simulacrum               Ice/Necr       0%         N/A       100%        6


Dungeon Overview and Level Annotations

Branches:
Dungeon (4/15)
 Temple: D:4-7

Altars:
Trog

Shops:
D:1 =   D:2 ?


Innate Abilities, Weirdness & Mutations

You cannot be hasted, slowed, berserked, paralysed or teleported.
You can dig through walls and to a lower floor.
You have a pair of large antennae on your head. (SInv)
Your four strong arms can wield two-handed weapons with a shield.


Message History

You kill the kobold!
Things that are here:
a +0 short sword; 2 poisoned darts; a kobold corpse No target in view!
No target in view!
A gnoll comes into view. It is wielding a +0 club.
You shoot an arrow. The gnoll shouts!
The arrow hits the gnoll.
The gnoll is moderately wounded.
You hear a shout!
A gnoll comes into view.
It is wielding a +1 halberd of holy wrath.
There are monsters nearby!
You shoot an arrow. The gnoll shouts!
The arrow hits the gnoll!
The gnoll is severely wounded.
There are monsters nearby!
You shoot an arrow. The arrow barely misses the gnoll.
A gnoll sergeant comes into view. It is wielding a +0 trident.
You shoot an arrow. The gnoll sergeant shouts!
The arrow hits the gnoll!
You kill the gnoll!
You hear a shout! x2
You shoot an arrow. The arrow hits the gnoll!
The gnoll is heavily wounded.
You shoot an arrow. The arrow closely misses the gnoll.
The gnoll closely misses you.
You shoot an arrow. The arrow barely misses the gnoll.
The gnoll misses you.
You shoot an arrow. The arrow barely misses the gnoll.
The gnoll closely misses you.
You shoot an arrow. The arrow hits the gnoll.
The gnoll is severely wounded.
The gnoll sergeant hits you from afar with a +0 trident!
The gnoll hits you from afar with a +1 halberd of holy wrath!
You shoot an arrow. The arrow barely misses the gnoll.
The gnoll sergeant hits you from afar with a +0 trident!
The gnoll hits you from afar with a +1 halberd of holy wrath!
You die...

#.##.##.# #.......#
###.#.### ##.## ## #.#
#.. #.#### #..# #.##.##
####...#########.#...###
+......@..)......†..)...
####...#########.#...###
##gg #.##.## ##. #.####
#. #....# #. #....# #.
##...# #. ##.##### #.#
#..


You could see a gnoll sergeant and a gnoll.

Vanquished Creatures
  A jelly (D:4)
  An adder (D:4)
  4 gnolls
  3 worms (D:3)
  A dart slug (D:2)
  An orc (D:3)
  3 bats
  5 endoplasms
  2 giant cockroaches
  4 goblins
  2 hobgoblins
  8 kobolds
  A quokka (D:2)
  7 ball pythons
  3 frilled lizards (D:1)
  5 rats
51 creatures vanquished.

Notes
Turn   | Place    | Note
-------+----------+-------------------------------------------
     0 | D:1      | Maxmaps the Formicid Hunter began the quest for the Orb.
     0 | D:1      | Reached XP level 1. HP: 16/16 MP: 1/1
   122 | D:1      | Found Uvviu's Jewellery Shop.
   169 | D:1      | Reached XP level 2. HP: 22/22 MP: 2/2
   391 | D:1      | Reached XP level 3. HP: 27/27 MP: 3/3
   852 | D:2      | Found a bloodstained altar of Trog.
  1326 | D:2      | Found Leishryga's Magic Scroll Emporium.
  1334 | D:2      | Bought a scroll of identify for 22 gold pieces
  1431 | D:2      | Reached skill level 5 in Ranged Weapons
  1809 | D:3      | Reached XP level 4. HP: 28/33 MP: 4/4
  2683 | D:4      | Reached skill level 6 in Ranged Weapons
  2683 | D:4      | Reached XP level 5. HP: 38/38 MP: 5/5
  2886 | D:4      | Slain by a gnoll

Illustrated notes

Levels and vault maps discovered:
D:1:      lemuel_arrival_hallway, layout_basic, serial_shops,
          nicolae_shop_peninsula, kennysheep_decorative_pillar
D:2:      layout_loops_corners, serial_shops, shop, basic_altar,
          grunt_ministairs_11
D:3:      layout_basic
D:4:      layout_loops_corners, serial_shops, shop

Skill      XL: |  1  2  3  4 |
---------------+-------------+-----
Ranged Weapons | 5 6 |  6.3
Fighting       | |  2.1
Dodging        | |  1.7
Stealth        | |  1.2

Action                     |  1- 3 |  4- 6 || total
---------------------------+-------+-------++-------
   Fire: Shortbow          |    77 |    69 ||   146
    Use: Scroll            |     2 |       ||     2
 Armour: Leather armour    |     4 |     8 ||    12
  Dodge: Dodged            |    17 |    13 ||    30

Table legend: (Time is in decaauts)
 A = Elapsed time spent in this place.
 B = Non-inter-level travel time spent in this place.
 C = Inter-level travel time spent in this place.
 D = Time resting spent in this place.
 E = Time spent auto-exploring this place.
 F = Levels seen in this place.
 G = Mean time per level.
                   A        B        C        D        E       F      G
               +--------+--------+--------+--------+--------+-----+--------+
         Total |   2910 |   2730 |    180 |      0 |   2438 |   4 |  727.5 |
       Dungeon |   2910 |   2730 |    180 |      0 |   2438 |   4 |  727.5 |
               +--------+--------+--------+--------+--------+-----+--------+

Top non-repeatable levels by time:
     D:2: 948 daAuts
     D:1: 860 daAuts
     D:3: 847 daAuts
     D:4: 254 daAuts
